 Dungeon Crawl Stone Soup version 0.30-a0-618-gd6c86c23d0 (webtiles) character file.

Game seed: 970567956843693965

42 omnomnOMINOUS the Ruffian (level 3, 0/36 (37) HPs)
             Began as an Octopode Wanderer on Jan 9, 2023.
             Slain by a hobgoblin (4 damage)
             ... led by Robin
             ... on level 2 of the Dungeon.
             The game lasted 00:01:31 (836 turns).

omnomnOMINOUS the Ruffian (Octopode Wanderer)        Turns: 836, Time: 00:01:32

HP:   0/36 (37)     AC:  1    Str: 14    XL:     3   Next: 54%
MP:   4/4           EV: 12    Int: 15    God:
Gold: 77            SH:  0    Dex:  9    Spells: 4/4 levels left

rFire   . . .      SeeInvis .    a - +0 hand axe
rCold   . . .      Faith    .    (no shield)
rNeg    + . .      Spirit   .    (helmet restricted)
rPois   .          Reflect  .    (no amulet)
rElec   .          Harm     .    f - ring of positive energy
rCorr   +          Rampage  .    g - ring of resist corrosion
Will    .....                    (no ring) Stlth
                                 (no ring)
HPRegen 0.26/turn                (no ring)
MPRegen 0.09/turn                (no ring)
                                 (no ring)
                                 (no ring)

@: berserking (expiring), lightly drained, very quick
A: almost no armour, amphibious, 8 rings, camouflage 1, gelatinous body 1,
(nimble swimmer 1), tentacles
a: no special abilities


You were on level 2 of the Dungeon.
You visited 1 branch of the dungeon, and saw 2 of its levels.

You collected 77 gold pieces.

Inventory:

Hand Weapons
 a - a +0 hand axe (weapon)
Jewellery
 f - a ring of positive energy (left tentacle)
 g - a ring of resist corrosion (right tentacle)
Wands
 d - a wand of polymorph (1) (quivered)
Scrolls
 c - a scroll of butterflies
 e - a scroll of fog
 k - a scroll of poison {unknown}
 l - a scroll of identify {unknown}
 m - a scroll of vulnerability {unknown}
Potions
 h - 2 potions of curing {unknown}
 i - a potion of flight {unknown}
 j - a potion of haste {unknown}


   Skills:
 + Level 2.5 Fighting
 - Level 1.0 Axes
 + Level 1.3 Dodging
 + Level 2.0 Stealth
 - Level 4.0 Unarmed Combat
 + Level 1.1 Spellcasting
 - Level 3.2 Evocations


You had 4 spell levels left.
You didn't know any spells.
Your spell library was empty.

Dungeon Overview and Level Annotations

Branches:
Dungeon (2/15)

Altars:

Shops:
D:1 *


Innate Abilities, Weirdness & Mutations

You cannot wear most types of armour.
You are amphibious.
You can wear up to eight rings at the same time.
Your skin changes colour to match your surroundings (Stealth+).
Your rubbery body absorbs attacks. (AC +1, EV +1)
((You are camouflaged when in or above water. (Stealth+)))
You have tentacles for arms and can constrict up to eight enemies at once.


Message History

Press: ? - help, Shift-Dir - straight line, f/p - Robin
Aim: Robin the gnoll (will become a frilled lizard, a rat, or a river rat, chance to affect: 66%) Robin struggles to resist.
Robin picks up a +0 trident.
Robin wields a +0 trident.
Robin picks up a +0 animal skin.
Robin wears a +0 animal skin.
Aiming: Polymorph
Press: ? - help, Shift-Dir - straight line, f/p - Robin
Aim: Robin the gnoll, wielding a +0 trident and wearing a +0 animal skin (will become a frilled lizard, a rat, or a river rat, chance to affect: 66%) Robin the gnoll evaporates and reforms as a river rat!
A goblin comes into view. It is wielding a +0 dagger.
You hit Robin. Your grab misses Robin.
Robin is moderately wounded.
Robin closely misses you.
You closely miss Robin. You grab Robin.
Robin is moderately wounded.
You constrict Robin. Robin bites you.
* * * LOW HITPOINT WARNING * * *
A red film seems to cover your vision as you go berserk!
You feel yourself moving faster!
You feel mighty!
You constrict Robin, but do no damage. Robin closely misses you.
You hit Robin but do no damage. You squeeze Robin!
You kill Robin!
Robin returns to their original shape as they die.
Your Stealth skill increases to level 2!
You barely miss the hobgoblin. Your grab misses the hobgoblin.
You barely miss the hobgoblin. Your grab misses the hobgoblin.
The hobgoblin completely misses you.
You slash the hobgoblin!
You kill the hobgoblin!
You barely miss the goblin. You grab the goblin.
Your tentacle-slap misses the goblin.
You constrict the goblin, but do no damage.
The goblin hits you with a +0 dagger.
* * * LOW HITPOINT WARNING * * *
You slash the goblin!
You kill the goblin!
You closely miss the hobgoblin. Your grab misses the hobgoblin.
You closely miss the hobgoblin. Your grab misses the hobgoblin.
The hobgoblin hits you.
You die...

# #.##.# # #$
#.##># # #..
#.##.#######
#..###.##.#......
#...........#.###
#........#...# #
####.).####### #
#.######.#.#.####
#
#)g@.............
#
#.######.#.#.#####
..?...## ########


You could see a hobgoblin.

Vanquished Creatures
  A river rat (D:2)
  A ball python (D:1)
  2 bats (D:1)
  2 endoplasms (D:1)
  2 giant cockroaches (D:1)
  4 goblins (D:2)
  5 hobgoblins
  3 jackals (D:1)
  A quokka (D:1)
  A frilled lizard (D:1)
  2 kobolds (D:1)
  3 rats (D:1)
27 creatures vanquished.

Notes
Turn   | Place    | Note
-------+----------+-------------------------------------------
     0 | D:1      | omnomnOMINOUS the Octopode Wanderer began the quest for the
                  | Orb.
     0 | D:1      | omnomnOMINOUS set off with the following items: a +0 hand
                  | axe, a potion of berserk rage, a scroll of butterflies, a
                  | wand of polymorph (4), a scroll of fog.
     0 | D:1      | Reached XP level 1. HP: 14/14 MP: 1/1
   171 | D:1      | Reached skill level 1 in Stealth
   171 | D:1      | Reached XP level 2. HP: 13/19 MP: 2/2
   469 | D:1      | Reached skill level 1 in Dodging
   621 | D:1      | Found Oqolog's Assorted Antiques.
   705 | D:1      | Reached XP level 3. HP: 25/25 MP: 4/4
   814 | D:2      | Noticed Robin
   818 | D:2      | Reached skill level 1 in Spellcasting
   823 | D:2      | Robin changed into Robin the gnoll
   823 | D:2      | Noticed Robin
   825 | D:2      | Robin the gnoll changed into Robin the river rat
   825 | D:2      | Noticed Robin
   829 | D:2      | Killed Robin the river rat
   836 | D:2      | Slain by a hobgoblin

Illustrated notes

Levels and vault maps discovered:
D:1:      dpeg_arrival_concentric_ovals, layout_basic, serial_shops,
          nicolae_shop_behind_doors
D:2:      layout_loops_ring, uniq_sigmund, uniq_robin

Skill      XL: |  1  2  3 |
---------------+----------+-----
Stealth        | 1 2 |  2.0
Dodging        | 1 |  1.3
Spellcasting   | 1 |  1.1
Fighting       | |  2.5
Axes           | |  1.0
Unarmed Combat | |  4.0
Evocations     | |  3.2

Action                   || total
-------------------------++-------
Melee: Hand axe          ||    50
       Constrict         ||    12
       Tentacles         ||    10
       Punch             ||     2
Evoke: Wand              ||     3
  Use: Potion            ||     1
 Stab: Sleeping          ||     4
Armor: Skin              ||     4
Dodge: Dodged            ||    31

Table legend: (Time is in decaauts)
 A = Elapsed time spent in this place.
 B = Non-inter-level travel time spent in this place.
 C = Inter-level travel time spent in this place.
 D = Time resting spent in this place.
 E = Time spent auto-exploring this place.
 F = Levels seen in this place.
 G = Mean time per level.
                   A        B        C        D        E       F      G
               +--------+--------+--------+--------+--------+-----+--------+
         Total |    843 |    842 |      1 |      0 |    690 |   2 |  421.5 |
       Dungeon |    843 |    842 |      1 |      0 |    690 |   2 |  421.5 |
               +--------+--------+--------+--------+--------+-----+--------+

Top non-repeatable levels by time:
     D:1: 778 daAuts
     D:2: 64 daAuts
